Map: Blackburn LE

Players

Stephano

  • Race: Zerg Zerg

Hellraiser - Winner!

  • Race: Protoss Protoss

Event: DreamHack SC2 Masters 2021 Winter

VOD

Have the link to the VOD?

Description

Time

  • Played on: Sept. 30, 2021, 10:15 a.m.
  • Length: 14:07

All games in this series

Show
View Real Time Build Order
Export as new Build Order

Stephano Zerg 

Build Orders: Hatch First 

Get SALT Encoding   

  12  0:00  Drone  
  13  0:12  Overlord  
  13  0:16  Drone  
  14  0:30  Drone x2  
  16  0:49  Hatchery  
  15  0:51  Drone  
  15  0:54  Drone  
  17  0:58  Drone  
  18  1:08  Extractor  
  17  1:14  Spawning Pool  
  17  1:17  Drone  
  17  1:20  Drone  
  18  1:28  Drone  
  19  1:40  Drone  
  20  1:49  Drone  
  21  2:01  Queen x2  
  21  2:02  Drone, Zergling x2  
  27  2:10  Overlord  
  27  2:12  Drone  
  28  2:25  Metabolic Boost  
  28  2:30  Hatchery  
  28  2:31  Drone  
  28  2:33  Drone  
  28  2:36  Drone  
  30  2:42  Queen  
  32  2:50  Drone, Overlord  
  33  2:55  Drone  
  33  2:56  Drone  
  33  2:57  Drone  
  36  3:08  Overlord  
  36  3:11  Drone x3  
  36  3:12  Drone  
  40  3:16  Drone  
  40  3:17  Overlord  
  41  3:24  Drone x3  
  44  3:30  Queen  
  44  3:31  Evolution Chamber  
  45  3:34  Drone  
  45  3:39  Queen  
  48  3:43  Zergling x6  
  48  3:46  Spore Crawler  
  50  3:49  Overlord  
  50  3:52  Drone x2  
  52  3:58  Overlord  
  52  4:00  Zerg Melee Weapons Level 1  
  52  4:06  Drone x4  
  52  4:09  Overlord  
  56  4:11  Drone  
  56  4:15  Zergling x4  
  58  4:19  Drone  
  58  4:20  Drone x2  
  58  4:23  Drone x2  
  62  4:27  Spore Crawler  
  62  4:28  Drone  
  62  4:29  Drone  
  63  4:32  Lair  
  63  4:34  Drone  
  63  4:37  Spore Crawler  
  63  4:40  Zergling x6  
  63  4:41  Drone x2  
  68  4:50  Zergling x4  
  70  4:55  Extractor x2  
  70  4:58  Queen  
  70  5:00  Hatchery  
  70  5:02  Queen  
  70  5:03  Drone x2  
  70  5:04  Drone  
  70  5:06  Drone  
  75  5:07  Drone  
  75  5:08  Drone  
  75  5:09  Drone  
  75  5:10  Drone  
  75  5:13  Drone x2  
  80  5:21  Drone, Roach Warren  
  81  5:25  Drone  
  81  5:27  Overlord  
  81  5:35  Zergling x8  
  81  5:43  Extractor  
  81  5:44  Queen x2, Spore Crawler  
  81  5:45  Spire, Extractor  
  81  5:46  Extractor  
  80  5:51  Zergling x4  
  80  5:55  Overlord  
  80  5:56  Spore Crawler  
  81  6:01  Hatchery  
  80  6:06  Zergling x16  
  80  6:07  Zergling x2  
  90  6:13  Hatchery  
  84  6:24  Zergling x4  
  84  6:25  Zergling x22  
  92  6:31  Zerg Melee Weapons Level 2  
  91  6:33  Infestation Pit  
  90  6:45  Zergling x16  
  87  7:04  Drone x2  
  87  7:05  Drone x4  
  87  7:06  Queen x2  
  87  7:08  Drone x3  
  94  7:12  Hive, Baneling Nest  
  94  7:13  Zerg Flyer Weapons Level 1  
  91  7:17  Spore Crawler  
  91  7:20  Drone x5  
  95  7:28  Overlord  
  95  7:30  Drone x3  
  95  7:33  Drone  
  95  7:34  Drone  
  102  7:45  Queen  
  103  7:56  Baneling x11  
  98  8:06  Corruptor x4  
  105  8:13  Hatchery  
  105  8:15  Corruptor  
  105  8:17  Overlord x3  
  101  8:32  Corruptor x4  
  106  8:36  Centrifugal Hooks  
  104  8:46  Hatchery, Viper x2  
  108  8:51  Adrenal Glands  
  108  9:00  Corruptor  
  108  9:02  Overlord x2  
  110  9:04  Zergling x12  
  110  9:05  Zergling x6  
  118  9:18  Corruptor x3  
  123  9:32  Zerg Flyer Weapons Level 2  
  123  9:34  Drone x7  
  130  9:40  Corruptor  
  130  9:41  Corruptor  
  130  9:44  Extractor x2  
  132  9:54  Hatchery  
  132  9:58  Corruptor  
  132  9:59  Corruptor x2  
  137  10:05  Zergling x16  
  135  10:30  Drone x4  
  135  10:36  Viper x3  
  135  10:39  Drone x5  
  135  10:40  Drone  
  150  10:43  Zerg Melee Weapons Level 3  
  150  10:48  Overlord  
  150  10:49  Overlord x2  
  150  10:50  Extractor x2  
  150  10:55  Spore Crawler  
  147  11:06  Spore Crawler  
  147  11:07  Spore Crawler  
  147  11:09  Drone x3, Spore Crawler x3  
  147  11:10  Spore Crawler  
  144  11:11  Corruptor x4  
  144  11:15  Infestor  
  144  11:16  Infestor  
  156  11:21  Pneumatized Carapace  
  156  11:22  Overseer x2  
  156  11:28  Drone x2  
  156  11:29  Drone x4  
  156  11:30  Drone x3  
  165  11:44  Zergling x2  
  165  11:45  Zergling x16  
  174  11:48  Zerg Flyer Armor Level 1  
  174  11:58  Pathogen Glands  
  171  12:14  Ultralisk Cavern  
  171  12:15  Overlord  
  170  12:17  Zergling x4  
  170  12:18  Zergling x6  
  170  12:19  Hatchery  
  170  12:20  Baneling x6  
  170  12:22  Corruptor x3  
  180  12:42  Infestor x3  
  180  12:43  Infestor  
  182  12:56  Corruptor x6  
  150  13:26  Corruptor x10  
Show
View Real Time Build Order
Export as new Build Order

Hellraiser Protoss - Winner!

Build Orders: Nexus First, Carriers 

Get SALT Encoding   

  12  0:00  Probe  
  13  0:12  Probe  
  14  0:19  Pylon  
  14  0:24  Probe  
  15  0:37  Probe  
  17  0:50  Probe  
  17  0:58  Nexus  
  17  1:09  Gateway  
  17  1:12  Probe (Chrono Boost)  
  18  1:23  Assimilator, Probe (Chrono Boost)  
  19  1:28  Probe (Chrono Boost)  
  19  1:29  Assimilator  
  20  1:38  Probe (Chrono Boost)  
  20  1:39  Pylon  
  21  1:46  Probe (Chrono Boost)  
  22  1:53  Probe  
  23  1:57  Cybernetics Core  
  23  2:01  Zealot  
  23  2:06  Probe (Chrono Boost)  
  26  2:10  Probe (Chrono Boost)  
  28  2:17  Probe (Chrono Boost)  
  28  2:19  Probe (Chrono Boost)  
  28  2:22  Probe (Chrono Boost)  
  29  2:24  Probe (Chrono Boost)  
  31  2:31  Probe  
  31  2:33  Stalker  
  31  2:36  Probe  
  35  2:42  Stargate  
  35  2:44  Probe  
  35  2:48  Probe  
  37  2:55  Forge  
  37  2:56  Probe  
  38  3:01  Probe  
  39  3:08  Probe  
  40  3:13  Probe  
  40  3:14  Assimilator  
  40  3:16  Void Ray (Chrono Boost)  
  40  3:19  Assimilator  
  41  3:20  Probe  
  46  3:28  Pylon  
  46  3:32  Pylon  
  46  3:42  Stargate  
  46  3:44  Protoss Air Weapons Level 1  
  46  3:46  Probe x2  
  48  3:53  Void Ray (Chrono Boost)  
  48  3:58  Probe  
  48  3:59  Probe  
  54  4:07  Pylon  
  54  4:10  Probe  
  54  4:11  Probe  
  56  4:23  Void Ray (Chrono Boost)  
  55  4:24  Probe x2  
  55  4:25  Void Ray (Chrono Boost)  
  65  4:37  Nexus  
  65  4:42  Photon Cannon  
  65  4:47  Pylon  
  65  4:51  Shield Battery  
  67  4:52  Probe  
  67  4:59  Void Ray x2 (Chrono Boost)  
  70  5:05  Probe x2  
  72  5:14  Pylon  
  76  5:17  Probe  
  76  5:20  Probe  
  78  5:25  Fleet Beacon  
  78  5:32  Probe, Shield Battery  
  79  5:40  Void Ray x2 (Chrono Boost)  
  79  5:41  Pylon  
  79  5:49  Probe  
  88  5:51  Probe x2  
  90  6:01  Probe  
  90  6:03  Assimilator, Probe x2  
  93  6:05  Assimilator  
  93  6:10  Void Ray (Chrono Boost)  
  93  6:11  Void Ray (Chrono Boost)  
  93  6:13  Probe  
  93  6:15  Probe  
  93  6:16  Probe  
  95  6:25  Probe  
  95  6:27  Probe  
  98  6:33  Flux Vanes  
  98  6:37  Photon Cannon  
  98  6:38  Probe, Shield Battery  
  98  6:41  Probe x2  
  100  6:49  Pylon  
  100  6:50  Pylon  
  100  6:51  Void Ray (Chrono Boost)  
  100  6:52  Pylon  
  100  6:56  Probe  
  100  6:59  Probe  
  99  7:01  Void Ray (Chrono Boost)  
  99  7:02  Probe  
  104  7:09  Probe  
  106  7:18  Photon Cannon  
  106  7:19  Pylon, Shield Battery  
  105  7:25  Probe x2, Stargate  
  105  7:28  Probe  
  108  7:33  Pylon  
  112  7:37  Probe x2  
  112  7:39  Protoss Air Weapons Level 2  
  112  7:40  Probe  
  115  7:49  Carrier (Chrono Boost)  
  121  7:56  Carrier (Chrono Boost), Probe x2  
  126  8:05  Pylon  
  126  8:10  Robotics Facility  
  131  8:15  Carrier (Chrono Boost)  
  130  8:25  Nexus  
  129  8:28  Probe x3  
  124  8:40  Probe x2  
  124  8:41  Probe  
  127  8:43  Photon Cannon, Zealot  
  127  8:44  Shield Battery  
  131  8:52  Probe  
  128  9:00  Probe  
  128  9:02  Carrier (Chrono Boost)  
  136  9:03  Observer, Probe  
  136  9:05  Pylon  
  136  9:06  Probe  
  144  9:21  Carrier (Chrono Boost)  
  144  9:22  Pylon  
  144  9:23  Pylon  
  144  9:30  Carrier (Chrono Boost)  
  144  9:37  Photon Cannon  
  144  9:38  Probe  
  151  9:39  Shield Battery  
  151  9:41  Probe  
  151  9:44  Probe  
  153  9:47  Probe  
  153  9:50  Probe  
  157  10:03  Carrier (Chrono Boost)  
  157  10:05  Assimilator  
  157  10:08  Assimilator  
  157  10:12  Protoss Air Weapons Level 3 (Chrono Boost)  
  163  10:17  Carrier (Chrono Boost)  
  163  10:25  Probe  
  163  10:27  Probe  
  163  10:28  Probe  
  166  10:30  Probe  
  164  10:37  Probe  
  164  10:40  Probe x2  
  164  10:42  Probe  
  168  10:43  Carrier (Chrono Boost), Pylon  
  168  10:44  Photon Cannon  
  168  10:47  Pylon  
  168  10:49  Probe  
  169  10:50  Stargate  
  169  10:52  Probe x2  
  177  10:57  Carrier (Chrono Boost)  
  177  10:59  Probe  
  178  11:04  Photon Cannon  
  178  11:05  Probe  
  178  11:06  Observer  
  186  11:11  Carrier (Chrono Boost)  
  186  11:19  Stargate  
  186  11:21  Void Ray (Chrono Boost)  
  186  11:26  Void Ray (Chrono Boost)  
  190  11:35  Pylon  
  190  11:38  Void Ray (Chrono Boost), Pylon  
  197  11:49  Nexus  
  197  11:51  Pylon  
  196  11:57  Void Ray (Chrono Boost)  
  196  11:58  Photon Cannon  
  196  12:00  Photon Cannon  
  200  12:02  Photon Cannon  
  200  12:03  Shield Battery x2  
  200  12:05  Pylon  
  200  12:09  Robotics Bay  
  200  12:23  Stargate  
  200  12:26  Assimilator  
  200  12:30  Assimilator  
  200  12:32  Pylon  
  200  12:35  Void Ray  
  198  12:54  Void Ray (Chrono Boost)  
  193  12:59  Void Ray (Chrono Boost)  
  200  13:08  Void Ray (Chrono Boost)  
  172  13:48  Probe x4  

Tags
 
Add a new tag
Caveats
  • Supply blocks, unpowered buildings, or Contaminate may cause inaccurate times.
  • Supply counts are checked every 10 seconds.